 Dungeon Crawl Stone Soup version 0.29.1-1-gd02db6906a (webtiles) character file.

Game seed: 5405314800986314689

181 masschaos23 the Trooper (level 5, -1/47 HPs)
             Began as a Hill Orc Fighter on Sept 25, 2022.
             Was an Initiate of Beogh.
             Slain by a scorpion (3 damage)
             ... on level 4 of the Dungeon.
             The game lasted 00:03:35 (3975 turns).

masschaos23 the Trooper (Hill Orc Fighter)          Turns: 3975, Time: 00:03:35

Health: -1/47      AC: 10    Str: 18 (21) XL:     5   Next: 61%
Magic:  5/5        EV:  9    Int:  5 (8)  God:    Beogh [......]
Gold:   140        SH:  4    Dex:  7 (10) Spells: 4/4 levels left

rFire   . . .      SeeInvis .   a - +0 war axe
rCold   . . .      Faith    .   c - +0 buckler
rNeg    . . .      Spirit   .   b - +0 scale mail
rPois   .          Reflect  .   s - +2 helmet
rElec   .          Harm     .   (no cloak)
rCorr   .          Rampage  .   (no gloves)
Will    .....                   (no boots)
Stlth   ..........              (no amulet)
HPRegen 0.15/turn               (no ring)
MPRegen 0.09/turn               (no ring)

@: lethally poisoned (-1 -> -4)
A: no striking features
a: Renounce Religion


You were on level 4 of the Dungeon.
You worshipped Beogh.
Beogh was noncommittal.
You visited 1 branch of the dungeon, and saw 4 of its levels.

You collected 140 gold pieces.

Inventory:

Hand Weapons
 a - a +0 war axe (weapon)
Armour
 b - a +0 scale mail (worn)
 c - a +0 buckler (worn)
 i - the +2 leather armour "Laong" {Rampage Dex+2 Slay-3 SInv}
   (You found it on level 2 of the Dungeon)

   Dex:       It affects your dexterity (+2).
   Slay:      It affects your accuracy & damage with ranged weapons and melee
   (-3).
   SInv:      It lets you see invisible.
   Rampage:   It bestows one free step when moving towards enemies.
 s - a +2 helmet (worn)
Wands
 m - a wand of roots (12)
 o - a wand of flame (20)
Scrolls
 e - a scroll of poison {unknown}
 f - a scroll of noise {unknown}
 g - 2 scrolls of teleportation {unknown}
 j - a scroll of vulnerability {unknown}
 k - 2 scrolls of butterflies {unknown}
 p - a scroll of fear {unknown}
 r - 2 scrolls of immolation {unknown}
Potions
 d - a potion of might
 h - a potion of curing {unknown}
 l - a potion of attraction {unknown}
 n - a potion of brilliance {unknown}
 q - a potion of cancellation {unknown}
 t - 2 potions of degeneration


   Skills:
 + Level 4.8 Fighting
 + Level 4.2 Axes
 + Level 4.3 Armour
 + Level 4.4 Shields


You had 4 spell levels left.
You didn't know any spells.
Your spell library contained the following spells:

 Spells                   Type           Power      Damage    Failure   Level
 Borgnjor's Revivificati  Necr           0%         N/A       100%        8
 Necromutation            Tmut/Necr      0%         N/A       100%        8
 Death's Door             Necr           0%         N/A       100%        9


Dungeon Overview and Level Annotations

Branches:
Dungeon (4/15)             Temple (0/1) D:4

Altars:
Okawaru


Message History

You slash the orc!
You kill the orc!
Beogh accepts your kill.
The orc priest mumbles some strange prayers to Beogh against you.
Beogh smites you!
There are monsters nearby!
You hit the iguana.
The iguana is moderately wounded.
The iguana bites you but does no damage.
The scorpion closely misses you.
There are monsters nearby!
You hit the iguana.
The iguana is heavily wounded.
You closely miss the scorpion. The scorpion stings you.
You are poisoned.
The scorpion poisons you! The iguana barely misses you.
The orc priest looks satisfied for a moment.
You block the scorpion's attack. The iguana barely misses you.
You barely miss the iguana.
The iguana is heavily wounded.
You barely miss the orc. You barely miss the scorpion.
You feel very sick.
The scorpion stings you but does no damage.
The iguana bites you!
The orc priest calls down the wrath of Beogh upon you.
Beogh smites you!
* * * LOW HITPOINT WARNING * * *
You are too injured to fight recklessly!
Okay, then.
It was a potion of degeneration.
There was something very wrong with that liquid.
You feel weakened.
You feel dopey.
You feel clumsy.
You feel sick. The scorpion barely misses you. The iguana bites you.
* * * LOW HITPOINT WARNING * * *
The orc barely misses you.
You feel sick. The scorpion stings you.
* * * LOW HITPOINT WARNING * * *
You block the iguana's attack. The scorpion stings you.
You die...

).....###....#
.....P..P....#
....P.......#
.....>P..<###
#PP.PP..####
####..........#
..............#
......soo.....#
......l@......#
......o.......#
..............#
.$............#
.....##.......#
..... #.......#
..... #........
.... #......##


You could see a scorpion, an iguana, an orc priest, an orc wizard and an orc.

Vanquished Creatures
  2 hounds (D:3)
  A gnoll (D:3)
  5 adders
  2 worms (D:2)
  A dart slug (D:2)
  3 orcs
  5 ball pythons
  6 endoplasms
  5 giant cockroaches
  4 goblins
  3 hobgoblins
  A jackal (D:3)
  5 kobolds
  A quokka (D:1)
  5 bats
  6 frilled lizards
  6 rats
61 creatures vanquished.

Vanquished Creatures (others)
  A hobgoblin (D:3)
  A goblin (D:3)
  A kobold (D:3)
3 creatures vanquished.

Grand Total: 64 creatures vanquished

Notes
Turn   | Place    | Note
-------+----------+-------------------------------------------
     0 | D:1      | masschaos23 the Hill Orc Fighter began the quest for the
                  | Orb.
     0 | D:1      | Reached XP level 1. HP: 19/19 MP: 1/1
   313 | D:1      | Reached XP level 2. HP: 27/27 MP: 2/2
   922 | D:2      | Reached XP level 3. HP: 26/33 MP: 3/3
  1063 | D:2      | Identified the +2 leather armour "Laong" {Rampage Dex+2
                  | Slay-3 SInv}
  1505 | D:2      | Reached XP level 4. HP: 35/40 MP: 4/4
  2811 | D:3      | Reached XP level 5. HP: 26/47 MP: 5/5
  2977 | D:3      | Found a faded altar of an unknown god.
  3010 | D:3      | Became a worshipper of Beogh the Brigand
  3669 | D:3      | Found an iron altar of Okawaru.
  3963 | D:4      | Found a staircase to the Ecumenical Temple.
  3975 | D:4      | HP: 2/47 [scorpion (3)]
  3975 | D:4      | Slain by a scorpion

Illustrated notes

Levels and vault maps discovered:
D:1:      elethiomel_arrival_shortcut, layout_basic
D:2:      layout_basic, serial_forest, infiniplex_forest_clump_tiny,
          infiniplex_forest_zigzag_1, infiniplex_forest_lined_room_,
          infiniplex_forest_lined_corner, infiniplex_forest_lined_4_way,
          infiniplex_forest_lined_corner, infiniplex_forest_side_room,
          minmay_tiny_reverse_x
D:3:      layout_loops_corners, marbit_many_paths,
          ebering_ecumenical_altar_rust, cheibrodos_gnoll_hut
D:4:      layout_basic, minmay_temple_entry_overgrown, grunt_decor_arrowhead,
          uniq_natasha

Skill      XL: |  1  2  3  4 |
---------------+-------------+-----
Axes           | 3 4 |  4.2
Fighting       | 4 |  4.8
Shields        | 4 |  4.4
Armour         | 4 |  4.3

Action                   |  1- 3 |  4- 6 || total
-------------------------+-------+-------++-------
Melee: War axe           |    93 |   101 ||   194
Invok: Convert to Beogh  |       |     1 ||     1
  Use: Potion            |       |     1 ||     1
Armor: Scale mail        |    41 |    51 ||    92
Dodge: Dodged            |    30 |    44 ||    74
Block: Buckler           |    29 |    17 ||    46
